 Seeded DCSS version 0.29-a0-775-g4d7333d4e2 (webtiles) character file.

Game seed: 3138460655434391889 (custom seed)

20810 zeratav the Grappler (level 11, -3/115 HPs)
             Began as a Troll Fighter on July 1, 2022.
             Was a Priest of Ru.
             Slain by a +4 long sword (21 damage)
             ... on level 13 of the Dungeon.
             The game lasted 00:22:39 (12440 turns).

zeratav the Grappler (Troll Fighter)               Turns: 12440, Time: 00:22:40

Health: -3/115     AC: 12    Str: 33    XL:     11   Next: 48%
Magic:  10/10      EV: 12    Int:  8    God:    Ru [***...]
Gold:   1583       SH: 10    Dex:  9    Spells: 10/10 levels left

rFire   . . .      SeeInvis .     - Unarmed
rCold   . . .      Faith    +   b - +0 kite shield
rNeg    + . .      Spirit   .   S - +3 troll leather armour {Snorg}
rPois   .          Reflect  .   q - +2 hat
rElec   .          Harm     .   k - +0 cloak
rCorr   .          Rampage  .   (gloves unavailable)
Will    .....                   (boots unavailable)
Stlth   +.........              e - amulet of faith {!P}
HPRegen 1.89/turn               J - +4 ring of evasion
MPRegen 0.12/turn               Q - ring "Beroybb" {rN+ Str+2 Int+4}

@: no status effects
A: large, unfitting armour, claws 3, regeneration 1, shaggy fur 1, tough skin 1,
inability to train dodging, inexperienced 1
a: Renounce Religion, Draw Out Power


You were on level 13 of the Dungeon.
You worshipped Ru.
Ru was most pleased with you.
You visited 2 branches of the dungeon, and saw 14 of its levels.
You also visited: Sewer and Bailey.

You collected 1814 gold pieces.
You spent 231 gold pieces at shops.


Innate Abilities, Weirdness & Mutations

You are too large for most types of armour.
You have claws for hands.
Your natural rate of healing is unusually fast.
You are covered in fur. (AC +1)
You have tough skin. (AC +1)
You cannot train Dodging skill.
You are somewhat inexperienced. (-1 XL)


   Skills:
 + Level 9.2 Fighting
 + Level 9.7 Throwing
 + Level 10.1 Shields
 + Level 11.0 Unarmed Combat


You had 10 spell levels left.
You didn't know any spells.
Your spell library contained the following spells:

 Spells                   Type           Power      Damage    Failure   Level
 Foxfire                  Conj/Fire      0%         2x1d4     65%         1
 Conjure Flame            Conj/Fire      0%         6-21      95%         3
 Gell's Gravitas          Tloc           0%         N/A       95%         3
 Inner Flame              Hex/Fire       0%         N/A       95%         3
 Teleport Other           Tloc           0%         N/A       95%         3
 Flame Wave               Conj/Fire      0%         2d4       100%        4
 Hailstorm                Conj/Ice       0%         3d3       100%        4
 Ice Form                 Ice/Tmut       0%         N/A       100%        4
 Dispersal                Tloc           0%         N/A       100%        6
 Simulacrum               Ice/Necr       0%         N/A       100%        6

Inventory:

Missiles
 n - 10 javelins {throwing}
 w - 15 poisoned darts {throwing}
 A - 17 boomerangs (quivered) {throwing}
 K - 3 curare-tipped darts {=fthrowing}
 L - 6 large rocks {=fthrowing}
Armour
 a - the +3 hat of Pondering {ponderous, Will+ MP+10 Int+5}
   (You took it off Gastronok on level 8 of the Dungeon)

   Int:       It affects your intelligence (+5).
   MP:        It affects your magic capacity (+10).
   Will:      It increases your willpower.
 b - a +0 kite shield (worn)
 k - a +0 cloak (worn)
   (You found it on level 1 of the Dungeon)
 q - a +2 hat (worn)
   (You found it on level 3 of the Dungeon)
 S - a +3 troll leather armour (worn) {Snorg}
   (You found it on level 11 of the Dungeon)
Jewellery
 e - an amulet of faith (around neck) {!P}
   (You found it on level 1 of the Dungeon)
 g - an amulet of the acrobat
   (You found it on level 5 of the Dungeon)
 i - a ring of flight
   (You found it on level 12 of the Dungeon)
 J - a +4 ring of evasion (left claw)
   (You took it off a gnoll on level 5 of the Dungeon)
 Q - the ring "Beroybb" (right claw) {rN+ Str+2 Int+4}
   (You found it in a bailey)

   [ring of positive energy]

   Str:       It affects your strength (+2).
   Int:       It affects your intelligence (+4).
   rN:        It protects you from negative energy.
Wands
 h - a wand of flame (3)
   (You found it on level 5 of the Dungeon)
 l - a wand of mindburst (15)
   (You found it on level 2 of the Dungeon)
 r - a wand of digging (3)
   (You found it on level 3 of the Dungeon)
 U - a wand of iceblast (5)
   (You found it on level 12 of the Dungeon)
Scrolls
 f - 2 scrolls of fear
 t - 3 scrolls of fog
 x - 3 scrolls of enchant weapon
 y - a scroll of amnesia
 z - a scroll of immolation {!r!r}
 C - 3 scrolls of identify {@r1}
 D - a scroll of blinking {!r}
 F - 3 scrolls of magic mapping {!r}
 G - a scroll of summoning
 H - 3 scrolls of vulnerability {!r!r}
 I - a scroll of poison {unknown}
 P - 2 scrolls of teleportation {@r4}
Potions
 c - 4 potions of might
 d - 5 potions of attraction {unknown}
 j - 3 potions of cancellation {unknown}
 m - 2 potions of heal wounds {unknown}
 o - 4 potions of mutation {unknown}
 p - 9 potions of curing {unknown}
 s - a potion of ambrosia {unknown}
 u - 3 potions of invisibility {unknown}
 v - 2 potions of flight {unknown}
 B - a potion of haste {@q3}
 E - 2 potions of degeneration {unknown}
 M - 2 potions of brilliance {unknown}
 N - 2 potions of resistance {unknown}
 O - a potion of magic {unknown}
 R - a potion of experience
Miscellaneous
 T - a box of beasts
   (You found it on level 12 of the Dungeon)

Dungeon Overview and Level Annotations

Branches:
Dungeon (13/15) Zot: 26612  Temple (1/1) D:7 Zot: 5991    Lair (0/6) D:10
    Orc (0/2) D:12          Sewer (visited)          Bailey (visited)
 Vaults: D:13-14

Altars:
Ashenzari
Cheibriados
Dithmenos
Elyvilon
Fedhas
Hepliaklqana
Kikubaaqudgha
Makhleb
Nemelex Xobeh
Qazlal
Ru
Sif Muna
Trog
Uskayaw
Vehumet
Wu Jian
Xom
Yredelemnul
Zin
The Shining One

Shops:
D:1 ![   D:10 :   D:13 [

Annotations:
D:2 Sigmund
D:12 Erolcha

....#...#...........#
#######+#####..##.######
#..#.......#
#..#.......#
####..##'########
.....#.........#
......#.........#
##########...###...##
......C@.............
......(..............
.....................
.....................
#....................
##...................
.....................
##...................


You could see a cyclops and a +4 long sword.


Message History

There is an open door here.
You open the door.
There is an open door here.
There is an open door here.
There is an open door here.
You open the door.
There is an open door here.
You open the door.
Found a glowing buckler.
There is an open door here.
There is an open door here.
There is an open door here.
You open the door.
There is an open door here.
You open the door.
There is an open door here.
A deep elf pyromancer comes into view. It is wielding a +0 long sword.
The deep elf pyromancer shouts!
You hear a shout!
The deep elf pyromancer casts a spell.
The deep elf pyromancer blinks!
The deep elf pyromancer moves out of view.
A cyclops comes into view.
There are monsters nearby!
A +4 long sword comes into view.
The cyclops throws a large rock.
The large rock hits you.
HP[-1]
You take 1 damage, and now have 114/115 hp.
HP[+1]
Your hp is fully restored (115).
The deep elf pyromancer hits you but does no damage.
You claw the deep elf pyromancer!
The deep elf pyromancer hits you but does no damage.
You closely miss the deep elf pyromancer.
The deep elf pyromancer gestures at you while chanting.
The bolt of fire hits you!! The +4 long sword hits you!!
* * * LOW HITPOINT WARNING * * *
You are too injured to fight recklessly!
You are too injured to fight recklessly!
You are too injured to fight recklessly!
You are too injured to fight recklessly!
HP[-58]
You take 58 damage, and now have 57/115 hp.
MASSIVE DAMAGE!! (PAUSE)
You are too injured to fight recklessly!
You are too injured to fight recklessly!
You are too injured to fight recklessly!
You are too injured to fight recklessly!
You are too injured to fight recklessly!
You are too injured to fight recklessly!
You are too injured to fight recklessly!
You are too injured to fight recklessly!
You are too injured to fight recklessly!
You are too injured to fight recklessly!
You are too injured to fight recklessly!
You are too injured to fight recklessly!
You are too injured to fight recklessly!
You are too injured to fight recklessly!
You are too injured to fight recklessly!
You barely miss the deep elf pyromancer.
The +4 long sword hits you.
* * * LOW HITPOINT WARNING * * *
The deep elf pyromancer gestures at you while chanting.
The sticky flame hits you.
You are covered in liquid flames!
* * * LOW HITPOINT WARNING * * *
HP[-9]
You take 9 damage, and now have 48/115 hp.
You mangle the deep elf pyromancer!!
You kill the deep elf pyromancer!
You are covered in liquid flames!
* * * LOW HITPOINT WARNING * * *
You block the +4 long sword's attack. The +4 long sword hits you!
* * * LOW HITPOINT WARNING * * *
HP[-11]
You take 11 damage, and now have 37/115 hp.
You scratch the cyclops.
You are covered in liquid flames!
* * * LOW HITPOINT WARNING * * *
The +4 long sword hits you.
* * * LOW HITPOINT WARNING * * *
HP[-6]
You take 6 damage, and now have 31/115 hp.
You completely miss the cyclops.
You are covered in liquid flames!
* * * LOW HITPOINT WARNING * * *
You block the +4 long sword's attack. The cyclops barely misses you.
The +4 long sword barely misses you.
HP[-5]
You take 5 damage, and now have 26/115 hp.
You claw the cyclops!
You are covered in liquid flames!
* * * LOW HITPOINT WARNING * * *
The +4 long sword hits you!
* * * LOW HITPOINT WARNING * * *
HP[-10]
You take 10 damage, and now have 16/115 hp.
You completely miss the cyclops.
The +4 long sword is stunned by your conviction and fails to attack.
You block the cyclops's attack. The +4 long sword hits you!!
You die...

Skill      XL: |  1  2  3  4  5  6  7  8  9 10 11 12 |
---------------+-------------------------------------+-----
Unarmed Combat | 3 4 5 6 7 9 10 11 | 11.0
Throwing       | 1 2 3 5 6 7 9 |  9.7
Shields        | 3 4 5 7 8 9 10 | 10.1
Fighting       | 3 4 5 6 7 8 9 |  9.2
Dodging        | 0 |  0.0

Action                   |  1- 3 |  4- 6 |  7- 9 | 10-12 || total
-------------------------+-------+-------+-------+-------++-------
Melee: Unarmed           |    89 |   143 |   440 |   441 ||  1113
Throw: Javelin           |       |     4 |     5 |     4 ||    13
       Dart              |       |     4 |     3 |     3 ||    10
       Boomerang         |       |       |     5 |    53 ||    58
       Throwing net      |       |       |       |     2 ||     2
Invok: Reject Sacrifices |       |       |       |     1 ||     1
       Sacrifice Nimblen |       |       |       |     1 ||     1
       Sacrifice Experie |       |       |       |     1 ||     1
Evoke: Wand              |       |     3 |     1 |     5 ||     9
  Use: Scroll            |       |       |    12 |     2 ||    14
       Potion            |       |       |     3 |     1 ||     4
 Stab: Sleeping          |     1 |       |       |       ||     1
       Held in net/web   |       |       |       |     2 ||     2
Armor: Robe              |    27 |    88 |   133 |       ||   248
       Steam dragon scal |       |       |       |    62 ||    62
       Troll leather arm |       |       |       |    93 ||    93
Dodge: Dodged            |    26 |    51 |   151 |   242 ||   470
Block: Kite shield       |    18 |    61 |   172 |   210 ||   461

Levels and vault maps discovered:
D:1:      dpeg_arrival_water_altar, layout_basic, serial_shops, shop, shop,
          shop, serial_curves, eino_curves_02, eino_curves_02
D:2:      layout_loops_ring, basic_altar,
          shapermc_ecumenical_altar_mp_highgroup,
          chequers_serial_rivers_small_b, guppyfry_early_orc_mine, uniq_jessica,
          uniq_sigmund, uniq_natasha, uniq_terence
D:3:      layout_loops_ring, minmay_starry_boxes
D:4:      layout_gridville, grunt_temple_overflow_open, minmay_misc_feat_iff,
          eino_small_chamber_without_monster
D:5:      layout_loops_ring, gup_sewer_entry_bubbles, due_unseen_surprise,
          uniq_crazy_yiuf_cottage, uniq_menkaure
D:6:      layout_loops_ring, minmay_misc_feat_doors, minmay_crystal_room
D:7:      minmay_klotski, layout_basic, mainiacjoe_overflow_large_starburst,
          minmay_temple_entry_junction
D:8:      layout_loops_corners, enter_bailey_4, uniq_gastronok, uniq_maggie
D:9:      layout_basic, pdpol_wu_jian_five_deadly_venoms, serial_rivers,
          chequers_serial_rivers_marsh, chequers_serial_rivers_micro_a,
          chequers_serial_rivers_large_a, chequers_serial_rivers_micro_d,
          chequers_serial_rivers_micro_d
D:10:     layout_loops_ring, trog_wizard, erik_lair_island, serial_shops,
          shop_coins, uniq_nergalle, uniq_sonja
D:11:     layout_basic, uniq_snorg
D:12:     layout_roguey, david_orc_4, uniq_erolcha, uniq_urug
D:13:     layout_grid_maze, erik_vaults_1, serial_shops, nicolae_stop_n_shop_2,
          uniq_josephine
Temple:   nicolae_temple_x_marks_the_god

Notes
Turn   | Place    | Note
-------+----------+-------------------------------------------
     0 | D:1      | zeratav the Troll Fighter began the quest for the Orb.
     0 | D:1      | Reached XP level 1. HP: 22/22 MP: 0/0
     0 | D:1      | magus.rc [v1.9.6]
    43 | D:1      | Found Pualet's Armour Boutique.
   194 | D:1      | Found Ysunot's Armour Emporium.
   230 | D:1      | Reached XP level 2. HP: 29/29 MP: 1/1
   364 | D:1      | Reached skill level 3 in Unarmed Combat
   454 | D:1      | You pick up a book of the Tundra and begin reading...
   454 | D:1      | You add the spells Hailstorm, Ice Form and Simulacrum to
                  | your library.
   926 | D:1      | Found Diofukk's Distillery.
  1011 | D:1      | Found a burning altar of Makhleb.
  1100 | D:2      | Found a hide-covered altar of Uskayaw.
  1188 | D:2      | Noticed Sigmund
  1209 | D:2      | Reached XP level 3. HP: 27/36 MP: 2/2
  1283 | D:2      | You add the spells Gell's Gravitas, Teleport Other and
                  | Dispersal to your library.
  1323 | D:2      | Found a faded altar of an unknown god.
  1482 | D:2      | Reached skill level 1 in Throwing
  1482 | D:2      | Reached skill level 3 in Shields
  1489 | D:2      | Noticed Terence
  1496 | D:2      | Killed Terence
  1497 | D:2      | Reached XP level 4. HP: 18/44 MP: 3/3
  1567 | D:2      | Noticed Natasha
  1582 | D:2      | Killed Natasha
  1798 | D:2      | Noticed Natasha
  1803 | D:2      | Killed Natasha
  1804 | D:2      | Reached skill level 3 in Fighting
  1804 | D:2      | Reached XP level 5. HP: 52/53 MP: 4/4
  1924 | D:2      | Noticed Jessica
  1929 | D:2      | Killed Jessica
  2048 | D:2      | Noticed Natasha
  2055 | D:2      | Killed Natasha
  2172 | D:3      | Reached skill level 2 in Throwing
  2789 | D:4      | Reached skill level 4 in Unarmed Combat
  2808 | D:4      | Found a shimmering altar of Xom.
  2811 | D:4      | Found a shadowy altar of Dithmenos.
  2811 | D:4      | Found a hazy altar of Hepliaklqana.
  2812 | D:4      | Found a blossoming altar of Fedhas.
  2819 | D:4      | Noticed an orc warrior
  2864 | D:3      | Reached XP level 6. HP: 22/61 MP: 5/5
  2923 | D:4      | Killed an orc warrior
  3037 | D:4      | Reached skill level 4 in Shields
  3278 | D:4      | Reached XP level 7. HP: 22/68 MP: 6/6
  3278 | D:4      | HP: 17/68 [orc/+0 flail (6)]
  3286 | D:4      | HP: 16/68 [orc/+0 flail (5)]
  3288 | D:4      | HP: 4/68 [orc/+0 flail (7)]
  3292 | D:4      | Reached skill level 3 in Throwing
  3448 | D:4      | Found a radiant altar of Vehumet.
  3452 | D:4      | Found a broken altar of Ashenzari.
  3740 | D:5      | Entered Level 5 of the Dungeon
  3741 | D:5      | Identified a scroll of acquirement
  3741 | D:5      | Acquired 881 gold pieces
  3919 | D:5      | Found a glowing drain.
  3925 | Sewer    | Entered a sewer
  4091 | Sewer    | Reached skill level 4 in Fighting
  4492 | D:1      | Bought 2 potions of might for 88 gold pieces
  4492 | D:1      | Bought a potion of lignification for 33 gold pieces
  4492 | D:1      | Bought a potion of haste for 110 gold pieces
  4576 | D:5      | Noticed Menkaure
  4582 | D:5      | Killed Menkaure
  4583 | D:5      | Reached skill level 5 in Unarmed Combat
  4792 | D:5      | Reached XP level 8. HP: 26/79 MP: 7/7
  4819 | D:5      | Reached skill level 4 in Throwing
  4819 | D:5      | Reached skill level 5 in Shields
  5307 | D:5      | Found a runed translucent door.
  5308 | D:5      | Noticed Crazy Yiuf
  5314 | D:5      | Killed Crazy Yiuf
  5491 | D:6      | Reached skill level 6 in Unarmed Combat
  5753 | D:6      | Reached skill level 5 in Fighting
  5973 | D:6      | Reached skill level 5 in Throwing
  6057 | D:6      | Reached XP level 9. HP: 49/88 MP: 8/8
  6295 | D:6      | Reached skill level 6 in Shields
  6346 | D:7      | Found a white marble altar of Elyvilon.
  6355 | D:7      | Found a glowing silver altar of Zin.
  6461 | D:7      | Found a staircase to the Ecumenical Temple.
  6470 | Temple   | Entered the Ecumenical Temple
  6474 | Temple   | Became a worshipper of Ru the Awakened
  7040 | D:7      | Reached skill level 7 in Unarmed Combat
  7121 | D:8      | Found a flagged portal.
  7137 | Bailey   | Entered a bailey
  7142 | Bailey   | Noticed an orc warlord
  7314 | Bailey   | Found a runed translucent gate.
  7317 | Bailey   | Found a runed translucent gate.
  7422 | Bailey   | Found a runed translucent gate.
  7588 | Bailey   | Killed an orc warlord
  7589 | Bailey   | Reached skill level 6 in Fighting
  7589 | Bailey   | Reached skill level 6 in Throwing
  7589 | Bailey   | Reached skill level 7 in Shields
  7640 | Bailey   | Identified the ring "Beroybb" {rN+ Str+2 Int+4}
  7806 | D:8      | Reached XP level 10. HP: 75/100 MP: 9/9
  7873 | D:8      | You pick up a book of Flames and begin reading...
  7873 | D:8      | You add the spells Foxfire, Conjure Flame, Inner Flame and
                  | Flame Wave to your library.
  7994 | D:8      | Noticed Gastronok
  7994 | D:8      | Gastronok the Ponderous comes into view. He is wearing the
                  | +3 hat of Pondering {ponderous, Will+ MP+10 Int+5}.
  8001 | D:8      | Aim: Gastronok, wearing the +3 hat of Pondering {ponderous,
                  | Will+ MP+10 Int+5} (covering ground quickly, 93% to hit)
  8001 | D:8      | Aim: Gastronok, wearing the +3 hat of Pondering {ponderous,
                  | Will+ MP+10 Int+5} (covering ground quickly, 93% to hit)
  8003 | D:8      | Aim: Gastronok, wearing the +3 hat of Pondering {ponderous,
                  | Will+ MP+10 Int+5} (lightly wounded, covering ground
                  | quickly, very poisoned, slow, 93% to hit)
  8003 | D:8      | Aim: Gastronok, wearing the +3 hat of Pondering {ponderous,
                  | Will+ MP+10 Int+5} (lightly wounded, covering ground
                  | quickly, very poisoned, slow, 93% to hit)
  8004 | D:8      | Aim: Gastronok, wearing the +3 hat of Pondering {ponderous,
                  | Will+ MP+10 Int+5} (lightly wounded, covering ground
                  | quickly, very poisoned, slow, 93% to hit)
  8004 | D:8      | Aim: Gastronok, wearing the +3 hat of Pondering {ponderous,
                  | Will+ MP+10 Int+5} (lightly wounded, covering ground
                  | quickly, very poisoned, slow, 93% to hit)
  8005 | D:8      | Aim: Gastronok, wearing the +3 hat of Pondering {ponderous,
                  | Will+ MP+10 Int+5} (moderately wounded, covering ground
                  | quickly, very poisoned, slow, 93% to hit)
  8005 | D:8      | Aim: Gastronok, wearing the +3 hat of Pondering {ponderous,
                  | Will+ MP+10 Int+5} (moderately wounded, covering ground
                  | quickly, very poisoned, slow, 93% to hit)
  8006 | D:8      | Aim: Gastronok, wearing the +3 hat of Pondering {ponderous,
                  | Will+ MP+10 Int+5} (moderately wounded, covering ground
                  | quickly, very poisoned, slow, 93% to hit)
  8006 | D:8      | Aim: Gastronok, wearing the +3 hat of Pondering {ponderous,
                  | Will+ MP+10 Int+5} (moderately wounded, covering ground
                  | quickly, very poisoned, slow, 93% to hit)
  8007 | D:8      | Aim: Gastronok, wearing the +3 hat of Pondering {ponderous,
                  | Will+ MP+10 Int+5} (moderately wounded, covering ground
                  | quickly, very poisoned, 93% to hit)
  8007 | D:8      | Aim: Gastronok, wearing the +3 hat of Pondering {ponderous,
                  | Will+ MP+10 Int+5} (moderately wounded, covering ground
                  | quickly, very poisoned, 93% to hit)
  8009 | D:8      | Aim: Gastronok, wearing the +3 hat of Pondering {ponderous,
                  | Will+ MP+10 Int+5} (heavily wounded, covering ground
                  | quickly, poisoned, 93% to hit)
  8009 | D:8      | Aim: Gastronok, wearing the +3 hat of Pondering {ponderous,
                  | Will+ MP+10 Int+5} (heavily wounded, covering ground
                  | quickly, poisoned, 93% to hit)
  8010 | D:8      | Aim: Gastronok, wearing the +3 hat of Pondering {ponderous,
                  | Will+ MP+10 Int+5} (heavily wounded, covering ground
                  | quickly, poisoned, 93% to hit)
  8010 | D:8      | Aim: Gastronok, wearing the +3 hat of Pondering {ponderous,
                  | Will+ MP+10 Int+5} (heavily wounded, covering ground
                  | quickly, poisoned, 93% to hit)
  8011 | D:8      | Aim: Gastronok, wearing the +3 hat of Pondering {ponderous,
                  | Will+ MP+10 Int+5} (heavily wounded, covering ground
                  | quickly, poisoned, 93% to hit)
  8011 | D:8      | Aim: Gastronok, wearing the +3 hat of Pondering {ponderous,
                  | Will+ MP+10 Int+5} (heavily wounded, covering ground
                  | quickly, poisoned, 93% to hit)
  8012 | D:8      | Aim: Gastronok, wearing the +3 hat of Pondering {ponderous,
                  | Will+ MP+10 Int+5} (heavily wounded, covering ground
                  | quickly, poisoned, 93% to hit)
  8012 | D:8      | Aim: Gastronok, wearing the +3 hat of Pondering {ponderous,
                  | Will+ MP+10 Int+5} (heavily wounded, covering ground
                  | quickly, poisoned, 93% to hit)
  8013 | D:8      | Aim: Gastronok, wearing the +3 hat of Pondering {ponderous,
                  | Will+ MP+10 Int+5} (severely wounded, covering ground
                  | quickly, poisoned, 93% to hit)
  8013 | D:8      | Aim: Gastronok, wearing the +3 hat of Pondering {ponderous,
                  | Will+ MP+10 Int+5} (severely wounded, covering ground
                  | quickly, poisoned, 93% to hit)
  8014 | D:8      | Aim: Gastronok, wearing the +3 hat of Pondering {ponderous,
                  | Will+ MP+10 Int+5} (severely wounded, covering ground
                  | quickly, poisoned, 93% to hit)
  8014 | D:8      | Aim: Gastronok, wearing the +3 hat of Pondering {ponderous,
                  | Will+ MP+10 Int+5} (severely wounded, covering ground
                  | quickly, poisoned, 93% to hit)
  8015 | D:8      | Aim: Gastronok, wearing the +3 hat of Pondering {ponderous,
                  | Will+ MP+10 Int+5} (severely wounded, covering ground
                  | quickly, poisoned, 93% to hit)
  8015 | D:8      | Aim: Gastronok, wearing the +3 hat of Pondering {ponderous,
                  | Will+ MP+10 Int+5} (severely wounded, covering ground
                  | quickly, poisoned, 93% to hit)
  8016 | D:8      | Aim: Gastronok, wearing the +3 hat of Pondering {ponderous,
                  | Will+ MP+10 Int+5} (severely wounded, covering ground
                  | quickly, poisoned, 93% to hit)
  8016 | D:8      | Aim: Gastronok, wearing the +3 hat of Pondering {ponderous,
                  | Will+ MP+10 Int+5} (severely wounded, covering ground
                  | quickly, poisoned, 93% to hit)
  8017 | D:8      | Aim: Gastronok, wearing the +3 hat of Pondering {ponderous,
                  | Will+ MP+10 Int+5} (severely wounded, covering ground
                  | quickly, poisoned, 93% to hit)
  8017 | D:8      | Aim: Gastronok, wearing the +3 hat of Pondering {ponderous,
                  | Will+ MP+10 Int+5} (severely wounded, covering ground
                  | quickly, poisoned, 93% to hit)
  8018 | D:8      | Aim: Gastronok, wearing the +3 hat of Pondering {ponderous,
                  | Will+ MP+10 Int+5} (severely wounded, covering ground
                  | quickly, 93% to hit)
  8018 | D:8      | Aim: Gastronok, wearing the +3 hat of Pondering {ponderous,
                  | Will+ MP+10 Int+5} (severely wounded, covering ground
                  | quickly, 93% to hit)
  8019 | D:8      | Aim: Gastronok, wearing the +3 hat of Pondering {ponderous,
                  | Will+ MP+10 Int+5} (almost dead, covering ground quickly,
                  | 93% to hit)
  8019 | D:8      | Aim: Gastronok, wearing the +3 hat of Pondering {ponderous,
                  | Will+ MP+10 Int+5} (almost dead, covering ground quickly,
                  | 93% to hit)
  8020 | D:8      | Aim: Gastronok, wearing the +3 hat of Pondering {ponderous,
                  | Will+ MP+10 Int+5} (almost dead, covering ground quickly,
                  | 93% to hit)
  8020 | D:8      | Aim: Gastronok, wearing the +3 hat of Pondering {ponderous,
                  | Will+ MP+10 Int+5} (almost dead, covering ground quickly,
                  | 93% to hit)
  8020 | D:8      | Killed Gastronok
  8021 | D:8      | Reached skill level 8 in Unarmed Combat
  8224 | D:8      | Reached skill level 7 in Throwing
  8430 | D:8      | Noticed Maggie
  8441 | D:8      | Killed Maggie
  8442 | D:8      | Reached skill level 7 in Fighting
  8799 | D:9      | Reached skill level 8 in Shields
  9025 | D:9      | Reached skill level 9 in Unarmed Combat
  9102 | D:9      | Found an ornate altar of the Wu Jian Council.
  9451 | D:10     | Entered Level 10 of the Dungeon
  9464 | D:10     | Reached XP level 11. HP: 106/109 MP: 10/10
  9527 | D:10     | Noticed a two-headed ogre
  9542 | D:10     | Killed a two-headed ogre
  9543 | D:10     | Reached skill level 8 in Throwing
  9619 | D:10     | Found a staircase to the Lair.
  9635 | D:10     | Noticed Nergalle
  9643 | D:10     | Killed Nergalle
  9670 | D:10     | Found a bloodstained altar of Trog.
  9709 | D:10     | Reached skill level 8 in Fighting
  9786 | D:10     | Noticed a two-headed ogre
  9798 | D:10     | Killed a two-headed ogre
  9854 | D:10     | Found Tomp's Book Boutique.
  9982 | D:10     | Noticed Sonja
  9997 | D:10     | Killed Sonja
  9998 | D:10     | Reached skill level 9 in Shields
 10008 | D:10     | Reached skill level 10 in Unarmed Combat
 10220 | D:10     | Noticed a wizard
 10225 | D:10     | Killed a wizard
 10569 | D:11     | Noticed Snorg
 10580 | D:11     | HP: 24/113 [Snorg (8)]
 10580 | D:11     | HP: 7/113 [Snorg (17)]
 10602 | D:11     | HP: 15/113 [Snorg (9)]
 10605 | D:11     | Killed Snorg
 10876 | D:11     | Gained mutation: You cannot train Dodging skill. [Ru
                  | sacrifice]
 10876 | D:11     | Reduced skill Dodging to level 0
 10876 | D:11     | Reached * piety under Ru
 10886 | D:11     | Reached skill level 9 in Throwing
 11111 | D:11     | Reached XP level 12. HP: 122/122 MP: 11/11
 11746 | D:12     | Noticed Urug
 11758 | D:12     | HP: 26/122 [Urug/javelin (17)]
 11793 | D:12     | Reached skill level 9 in Fighting
 11879 | D:12     | Killed Urug
 11938 | D:12     | Found a staircase to the Orcish Mines.
 11993 | D:12     | Noticed Erolcha
 12236 | D:13     | Found Fecsyzel's Antique Armour Boutique.
 12239 | D:13     | Noticed Josephine
 12243 | D:13     | Killed Josephine
 12244 | D:13     | Reached skill level 10 in Shields
 12261 | D:13     | Reached skill level 11 in Unarmed Combat
 12273 | D:13     | Gained mutation: You are somewhat inexperienced. (-1 XL)
                  | [Ru sacrifice]
 12273 | D:13     | Reached XP level 11. HP: 115/115 MP: 10/10
 12273 | D:13     | Reached ** piety under Ru
 12273 | D:13     | Reached *** piety under Ru
 12438 | D:13     | HP: 25/115 [burnt (6)]
 12440 | D:13     | Slain by a +4 long sword

Vanquished Creatures
  Gastronok (D:8)
  An orc warlord (Bailey)
  Snorg (D:11)
  Josephine (D:13)
  2 two-headed ogres (D:10)
  Urug (D:12)
  Sonja (D:10)
  Nergalle (D:10)
  2 ugly things (D:12)
  A deep elf pyromancer (D:13)
  2 cyclopes (D:11)
  A gargoyle (D:11)
  Maggie (D:8)
  An unseen horror (D:13)
  A komodo dragon (D:12)
  4 trolls
  A hornet (D:10)
  2 slime creatures (D:12)
  A shadow (D:9)
  3 wyverns
  A vampire (D:11)
  18 yaks
  5 wraiths
  A basilisk (D:12)
  2 steam dragons (D:8)
  6 vampire mosquitoes
  Menkaure (D:5)
  A water moccasin (D:7)
  12 orc warriors
  3 ice beasts
  A sky beast (D:7)
  3 ogres
  2 wolves (D:10)
  3 centaurs
  A phantom (D:6)
  2 kobold brigands
  A gnoll sergeant (D:6)
  6 bullfrogs
  2 scorpions (D:5)
  4 electric eels (D:11)
  A howler monkey (D:12)
  9 hounds
  3 jellies
  Crazy Yiuf (D:5)
  A bouda (D:6)
  5 orc priests
  Jessica (D:2)
  6 iguanas
  Natasha (thrice) (D:2)
  13 orc wizards
  Terence (D:2)
  10 gnolls
  9 adders
  A shadow imp (D:6)
  A white imp (D:4)
  2 ufetubi (D:5)
  2 worms (D:5)
  A dart slug (D:3)
  50 orcs
  7 endoplasms
  8 giant cockroaches
  11 goblins
  11 hobgoblins
  A jackal (D:3)
  25 kobolds
  6 quokkas
  14 ball pythons
  8 bats
  11 frilled lizards
  3 rats
329 creatures vanquished.

Vanquished Creatures (others)
  A wizard (D:10)
  2 fungi (D:5)
3 creatures vanquished.

Grand Total: 332 creatures vanquished

Table legend:
 A = Non-vault XP
 B = Vault XP
 C = Vault XP percentage of total XP
 D = Non-vault monster count
 E = Vault monster count
 F = Vault count percentage of total count
                 A         B        C        D         E       F
            +---------+---------+-------+---------+---------+-------
      Total |   19097 |   10632 |  35.8 |     223 |     106 |  32.2
            +---------+---------+-------+---------+---------+-------
        D:1 |      24 |       0 |   0.0 |      15 |       0 |   0.0
        D:2 |     131 |     118 |  47.4 |      17 |      10 |  37.0
        D:3 |      77 |      11 |  12.5 |      15 |       5 |  25.0
        D:4 |     446 |       0 |   0.0 |      22 |       0 |   0.0
        D:5 |     711 |     229 |  24.4 |      21 |       8 |  27.6
        D:6 |    1168 |       0 |   0.0 |      35 |       0 |   0.0
        D:7 |     690 |       0 |   0.0 |      14 |       0 |   0.0
        D:8 |    1085 |    1930 |  64.0 |      17 |       7 |  29.2
        D:9 |    2463 |       0 |   0.0 |      16 |       0 |   0.0
       D:10 |    5291 |    2309 |  30.4 |      22 |      10 |  31.2
       D:11 |    3105 |    1128 |  26.6 |      13 |       4 |  23.5
       D:12 |    2944 |    1369 |  31.7 |      14 |      15 |  51.7
       D:13 |     962 |    1740 |  64.4 |       2 |       5 |  71.4
      Sewer |       0 |     140 | 100.0 |       0 |      19 | 100.0
     Bailey |       0 |    1658 | 100.0 |       0 |      23 | 100.0
            +---------+---------+-------+---------+---------+-------

Illustrated notes

Table legend:
 A = Kills in this place as a percentage of kills in entire the game.
 B = Kills by you in this place as a percentage of kills by you in the entire game.
 C = Kills by friends in this place as a percentage of kills by friends in the entire game.
 D = Other kills in this place as a percentage of other kills in the entire game.
 E = Experience gained in this place as a percentage of experience gained in the entire game.
 F = Experience gained in this place divided by the number of levels of this place that you have seen.
                   A       B       C       D       E      F
               +-------+-------+-------+-------+-------+----------------------
         Total | 100.0 | 100.0 |   N/A |   N/A | 100.0 | 1858.1
       Dungeon |  87.2 |  87.2 |   N/A |   N/A |  94.0 | 2148.5
         Sewer |   5.8 |   5.8 |   N/A |   N/A |   0.5 | 140.0
        Bailey |   7.0 |   7.0 |   N/A |   N/A |   5.6 | 1658.0
               +-------+-------+-------+-------+-------+----------------------

Table legend: (Time is in decaauts)
 A = Elapsed time spent in this place.
 B = Non-inter-level travel time spent in this place.
 C = Inter-level travel time spent in this place.
 D = Time resting spent in this place.
 E = Time spent auto-exploring this place.
 F = Levels seen in this place.
 G = Mean time per level.
                   A        B        C        D        E       F      G
               +--------+--------+--------+--------+--------+-----+--------+
         Total |  12619 |  12011 |    608 |    588 |   8717 |  16 |  788.7 |
       Dungeon |  11483 |  10880 |    603 |    563 |   8006 |  13 |  883.3 |
        Temple |      8 |      4 |      4 |      0 |      0 |   1 |    8.0 |
         Sewer |    580 |    580 |      0 |      0 |    391 |   1 |  580.0 |
        Bailey |    547 |    547 |      0 |     25 |    319 |   1 |  547.0 |
               +--------+--------+--------+--------+--------+-----+--------+

Top non-repeatable levels by time:
     D:2: 1148 daAuts
     D:5: 1088 daAuts
     D:1: 1051 daAuts
    D:11: 974 daAuts
    D:10: 955 daAuts
     D:6: 952 daAuts
     D:8: 938 daAuts
     D:4: 937 daAuts
     D:9: 879 daAuts
     D:3: 755 daAuts
     D:7: 743 daAuts
    D:12: 671 daAuts
   Sewer: 580 daAuts
  Bailey: 547 daAuts
    D:13: 386 daAuts
